 Dungeon Crawl Stone Soup version 0.21.1-1-g345015fe64 (webtiles) character file.

109 Peloso the Shield-Bearer (level 4, 0/40 HPs)
             Began as a Minotaur Fighter on Mar 24, 2018.
             Succumbed to an adder's poison
             ... on level 3 of the Dungeon.
             The game lasted 00:14:31 (2273 turns).

Peloso the Shield-Bearer (Minotaur Fighter)         Turns: 2273, Time: 00:14:32

Health: 0/40       AC:  7    Str: 21    XL:     4   Next: 60%
Magic:  3/3        EV:  7    Int: 10    God:
Gold:   200        SH:  9    Dex: 10    Spells: 3/3 levels left

rFire    . . .     SeeInvis .   a - +0 long sword
rCold    . . .     Gourm    .   c - +0 shield
rNeg     . . .     Faith    .   b - +0 scale mail
rPois    .         Spirit   .   (helmet restricted)
rElec    .         Reflect  .   (no cloak)
rCorr    .         Harm     .   (no gloves)
MR       .....                  (no boots)
Stlth    ..........             i - amulet of inaccuracy (curse)
HPRegen  0.13/turn              (no ring)
MPRegen  0.08/turn              (no ring)

@: brilliant, lethally poisoned (0 -> -6)
A: retaliatory headbutt, horns 2
a: no special abilities


You were on level 3 of the Dungeon.
You were very hungry.

You visited 1 branch of the dungeon, and saw 3 of its levels.

You collected 200 gold pieces.

Inventory:

Hand Weapons
 a - a +0 long sword (weapon)
Armour
 b - a +0 scale mail (worn)
 c - a +0 shield (worn)
Jewellery
 i - a cursed amulet of inaccuracy (around neck)
Scrolls
 j - 2 scrolls of blinking {unknown}
 l - a scroll of remove curse {unknown}
 m - 2 scrolls of teleportation {unknown}
 n - a scroll of immolation {unknown}
 r - a scroll of random uselessness {unknown}
 s - a scroll of enchant armour {unknown}
 t - a scroll of identify {unknown}
Potions
 d - a potion of might
 g - a potion of brilliance
 h - a potion of degeneration {unknown}
 k - a potion of heal wounds {unknown}
 o - a potion of flight {unknown}
 p - a potion of mutation {unknown}
 q - a potion of haste {unknown}
Comestibles
 f - 6 rations


   Skills:
 + Level 4.2 Fighting
 + Level 3.9 Long Blades
 + Level 4.3 Armour
 + Level 0.5 Dodging
 + Level 4.6 Shields


You had 3 spell levels left.
You didn't know any spells.

Dungeon Overview and Level Annotations

Branches:
Dungeon (3/15)

Altars:
Fedhas
Qazlal


Innate Abilities, Weirdness & Mutations

You reflexively headbutt those who attack you in melee.
You have a pair of horns on your head.


Message History

* * * LOW HITPOINT WARNING * * *
You miss the adder.
The adder is almost dead.
The adder bites you but does no damage. You block the adder's attack.
You barely miss the adder. Your headbutt misses the adder.
The adder is almost dead.
The adder bites you.
* * * LOW HITPOINT WARNING * * *
You miss the adder.
The adder is almost dead.
The adder bites you.
* * * LOW HITPOINT WARNING * * *
You are poisoned.
The adder poisons you! The adder bites you.
* * * LOW HITPOINT WARNING * * *
You are more poisoned.
The adder poisons you!
It was a potion of brilliance.
You feel clever all of a sudden.
You die...

#.. #.# #.# #.#
#.# #.#
##########+## #S#
#... ......##
#@###.######.....#
#........##.......
###...##.#........
#................
##...............
##.#...##.......
#...#####.....#
##.## ##...## #.#
##'###


You could see an adder.

Vanquished Creatures
  2 adders
  An adder skeleton (D:2)
  2 worms (D:2)
  4 dart slugs
  A leopard gecko (D:2)
  6 orcs (D:3)
  8 bats
  4 giant cockroaches
  6 goblins
  4 hobgoblins
  12 jackals
  A quokka (D:2)
  A frilled lizard (D:2)
  9 kobolds
  5 rats
  A fungus (D:3)
67 creatures vanquished.

Notes
Turn   | Place    | Note
-------+----------+-------------------------------------------
     0 | D:1      | Peloso the Minotaur Fighter began the quest for the Orb.
     0 | D:1      | Reached XP level 1. HP: 19/19 MP: 0/0
    84 | D:1      | Reached XP level 2. HP: 16/27 MP: 1/1
   496 | D:1      | Reached XP level 3. HP: 29/33 MP: 2/2
  1315 | D:2      | Reached XP level 4. HP: 30/40 MP: 3/3
  2013 | D:3      | Found a stormy altar of Qazlal.
  2015 | D:3      | Found a blossoming altar of Fedhas.
  2266 | D:3      | HP: 2/40 [adder (2)]
  2272 | D:3      | HP: 1/40 [adder (2)]
  2273 | D:3      | Succumbed to an adder's poison

Skill      XL: |  1  2  3 |
---------------+----------+-----
Armour         | 4 |  4.3
Shields        | 4 |  4.6
Fighting       | 4 |  4.2
Long Blades    | 3 |  3.9
Dodging        | |  0.5

Action                   |  1- 3 |  4- 6 || total
-------------------------+-------+-------++-------
Melee: Long sword        |   146 |   145 ||   291
       Headbutt          |    20 |    11 ||    31
  Use: Potion            |     1 |     3 ||     4
  Eat: Chunk             |     1 |     3 ||     4
Armor: Scale mail        |    74 |    68 ||   142
Dodge: Dodged            |    55 |    35 ||    90
Block: Shield            |    83 |    80 ||   163
       Rpst.: Long sword |    10 |     8 ||    18
